 Dungeon Crawl Stone Soup version 0.31-a0-1628-gdde2bdd (webtiles) character file.

Game seed: 10782400639496845780

244 PublicAnimeNo1 the Magician (level 5, 0/52 HPs)
             Began as a Demonspawn Hedge Wizard on Jan 12, 2024.
             Succumbed to a scorpion's poison
             ... on level 5 of the Dungeon.
             The game lasted 00:06:47 (3959 turns).

PublicAnimeNo1 the Magician (DsHW)                  Turns: 3959, Time: 00:06:48

Health: 0/52       AC:  7    Str: 10    XL:     5   Next: 83%
Magic:  5/11       EV: 12    Int: 17    God:
Gold:   202        SH:  0    Dex: 12    Spells: 6/12 levels left

rFire   . . .        a - +0 dagger
rCold   + . .        (no shield)
rNeg    . . .        b - +0 robe
rPois   .            c - +0 hat
rElec   .            (no cloak)
rCorr   .            (no gloves)
SInv    .            (no boots)
Will    .....        (no amulet) Stlth
                     f - +4 ring of protection
HPRegen 0.28/turn    s - ring of protection from cold
MPRegen 0.12/turn

%: no passive effects
@: brilliant, berserking (expiring), lethally poisoned (0 -> -6), attractive,
very quick
A: horns 1, sharp scales 1
a: no special abilities


You were on level 5 of the Dungeon.
You visited 1 branch of the dungeon, and saw 5 of its levels.

You collected 202 gold pieces.

Inventory:

Hand Weapons
 a - a +0 dagger (weapon)
Armour
 b - a +0 robe (worn)
 c - a +0 hat (worn)
Jewellery
 f - a +4 ring of protection (left hand)
 o - an amulet of faith
 s - a ring of protection from cold (right hand)
Scrolls
 e - a scroll of teleportation {unknown}
 h - a scroll of fog
 j - a scroll of amnesia {unknown}
 k - a scroll of blinking {unknown}
 m - 2 scrolls of identify {unknown}
 n - a scroll of fear {unknown}
 p - 2 scrolls of vulnerability {unknown}
 q - a scroll of enchant weapon {unknown}
 r - a scroll of brand weapon {unknown}
 v - a scroll of acquirement {unknown}
Potions
 d - a potion of magic
 g - 2 potions of attraction
 l - 2 potions of brilliance
 t - a potion of haste {unknown}
 u - a potion of might {unknown}


   Skills:
 + Level 0.7 Short Blades
 - Level 1.7 Dodging
 - Level 1.7 Stealth
 + Level 4.2 Spellcasting
 + Level 3.6 Conjurations
 + Level 2.9 Summonings
 - Level 0.8 Translocations


You had 6 spell levels left.
You knew the following spells:

 Your Spells              Type           Power      Damage    Failure   Level
a - Magic Dart            Conj           96%        1d7       3%          1
b - Call Imp              Summ           40%        N/A       7%          2
c - Mephitic Cloud        Conj/Alch/Air  11%        N/A       28%         3

Your spell library contained the following spells:

 Spells                   Type           Power      Damage    Failure   Level
 Slow                     Hex            20%        N/A       16%         1
 Blink                    Tloc           18%        N/A       16%         2
 Cigotuvi's Dreadful Rot  Necr/Alch/Air  10%        N/A       24%         2
 Inner Flame              Hex/Fire       5%         N/A       43%         3
 Irradiate                Conj/Alch      7%         3d14      90%         5
 Ignition                 Fire           2%         3d3       100%        8


Dungeon Overview and Level Annotations

Branches:
Dungeon (5/15)
 Temple: D:4-7

Altars:


Innate Abilities, Weirdness & Mutations

You have a pair of small horns on your head.
You are partially covered in razor-sharp scales. (AC +1, Slay +1)


Message History

Aiming: Magic Dart (safe; 3% risk of failure)
Press: ? - help, Q - select action, (/) - cycle Shift-Dir - straight line, f/p - scorpion
Aim: a scorpion (moderately wounded, ally target, 100% to hit)
The magic dart hits the scorpion.
The scorpion is moderately wounded.
You feel sick. The scorpion stings you.
You are lethally poisoned!
The scorpion poisons you!
Your cerulean imp hits the scorpion but does no damage.
It was a potion of brilliance.
You feel clever all of a sudden.
You feel very sick. The scorpion stings you.
* * * LOW HITPOINT WARNING * * *
Your cerulean imp hits the scorpion from afar with a -3 spear.
It was a potion of berserk rage.
A red film seems to cover your vision as you go berserk!
You feel yourself moving faster!
You feel mighty!
* * * LOW HITPOINT WARNING * * *
You feel very sick. The scorpion stings you.
* * * LOW HITPOINT WARNING * * *
Your cerulean imp misses the scorpion.
The scorpion barely misses you.
You hit the scorpion.
The scorpion is severely wounded.
* * * LOW HITPOINT WARNING * * *
You feel sick.
You closely miss the scorpion.
The scorpion is severely wounded.
* * * LOW HITPOINT WARNING * * *
You feel sick. The scorpion closely misses you.
Your cerulean imp hits the scorpion but does no damage.
You hit the scorpion. You headbutt the scorpion.
You kill the scorpion!
* * * LOW HITPOINT WARNING * * *
You feel sick.
* * * LOW HITPOINT WARNING * * *
You feel sick.
You feel a strong urge to attack something.
You die...

#..# #..#
#...##...
#....#..#
.......
.....##
.....##
##.5...##.
#.@.......
##..#....#.
#...# .....
##..## ..#.
#...# ...
#..## ##
#..# #.##
#<#


You could see a friendly cerulean imp (summoned).

Vanquished Creatures
  A phantom (D:4)
  A scorpion (D:5)
  A hound (D:4)
  An adder (D:3)
  2 dart slugs
  2 orcs
  2 endoplasms (D:2)
  2 giant cockroaches
  9 goblins
  5 hobgoblins
  9 jackals
  3 quokkas
  7 ball pythons
  2 bats
  A frilled lizard (D:1)
  4 kobolds
  A rat (D:2)
53 creatures vanquished.

Vanquished Creatures (collateral kills)
  An adder (D:2)
  A ribbon worm (D:2)
  A jackal (D:4)
  A quokka (D:3)
4 creatures vanquished.

Grand Total: 57 creatures vanquished

Notes
Turn   | Place    | Note
-------+----------+-------------------------------------------
     0 | D:1      | PublicAnimeNo1 the Demonspawn Hedge Wizard began the quest
                  | for the Orb.
     0 | D:1      | Reached XP level 1. HP: 13/13 MP: 4/4
   353 | D:1      | Gained mutation: You have a pair of small horns on your
                  | head. [demonic ancestry]
   353 | D:1      | Reached XP level 2. HP: 18/19 MP: 1/6
   388 | D:1      | Learned a level 2 spell: Call Imp
  1119 | D:2      | Reached XP level 3. HP: 24/24 MP: 4/7
  2397 | D:3      | Learned a level 3 spell: Mephitic Cloud
  2648 | D:3      | Gained mutation: You are partially covered in razor-sharp
                  | scales. (AC +1, Slay +1) [demonic ancestry]
  2648 | D:3      | Reached XP level 4. HP: 23/30 MP: 1/9
  3318 | D:4      | Noticed a phantom
  3333 | D:4      | Killed a phantom
  3334 | D:4      | Reached skill level 4 in Spellcasting
  3334 | D:4      | Reached XP level 5. HP: 28/35 MP: 0/11
  3934 | D:5      | Entered Level 5 of the Dungeon
  3956 | D:5      | HP: 2/52 [poisoned by a scorpion]
  3959 | D:5      | Succumbed to a scorpion's poison

Illustrated notes

Levels and vault maps discovered:
D:1:      dpeg_arrival_three_smaller_balls, layout_rooms
D:2:      layout_loops_cross, chequers_arboretum, minmay_misc_feat_hallway
D:3:      layout_loops_ring, mainiacjoe_overflow_alcove_1,
          kennysheep_generic_room_12
D:4:      layout_cave_pods, mainiacjoe_overflow_alcove_4
D:5:      layout_loops_corners, minmay_temple_entry_statues_pillars,
          kennysheep_nondescript, amcnicky_mini_rare_corridor_liquid,
          minmay_crossroads, uniq_edmund, uniq_grinder, uniq_eustachio,
          uniq_blork_the_orc, uniq_prince_ribbit1, uniq_sigmund

Skill      XL: |  1  2  3  4 |
---------------+-------------+-----
Conjurations   | 2 3 |  3.6
Summonings     | 2 |  2.9
Spellcasting   | 4 |  4.2
Short Blades   | |  0.7
Dodging        | |  1.7
Stealth        | |  1.7
Translocations | |  0.8

Action                     |  1- 3 |  4- 6 || total
---------------------------+-------+-------++-------
  Melee: Dagger            |    31 |    33 ||    64
         Headbutt          |     5 |     6 ||    11
         Punch             |     1 |       ||     1
   Cast: Magic Dart        |    98 |    33 ||   131
         Call Imp          |     8 |     6 ||    14
    Use: Scroll            |       |     1 ||     1
         Potion            |       |     3 ||     3
   Stab: Distracted        |     2 |       ||     2
 Armour: Robe              |    31 |    25 ||    56
  Dodge: Dodged            |    37 |    27 ||    64

Table legend: (Time is in decaauts)
 A = Elapsed time spent in this place.
 B = Non-inter-level travel time spent in this place.
 C = Inter-level travel time spent in this place.
 D = Time resting spent in this place.
 E = Time spent auto-exploring this place.
 F = Levels seen in this place.
 G = Mean time per level.
                   A        B        C        D        E       F      G
               +--------+--------+--------+--------+--------+-----+--------+
         Total |   3956 |   3847 |    109 |    382 |   3008 |   5 |  791.2 |
       Dungeon |   3956 |   3847 |    109 |    382 |   3008 |   5 |  791.2 |
               +--------+--------+--------+--------+--------+-----+--------+

Top non-repeatable levels by time:
     D:2: 1072 daAuts
     D:4: 965 daAuts
     D:3: 960 daAuts
     D:1: 934 daAuts
     D:5: 23 daAuts
